 Dungeon Crawl Stone Soup version 0.29-a0-1018-g6b6670bd90 (webtiles) character file.

Game seed: 16337639249170205158

4 BritishOli the Trooper (level 1, 0/18 HPs)
             Began as a Demonspawn Monk on Aug 10, 2022.
             Slain by a jackal (3 damage)
             ... on level 1 of the Dungeon.
             The game lasted 00:00:36 (177 turns).

BritishOli the Trooper (Demonspawn Monk)             Turns: 177, Time: 00:00:37

Health: 0/18       AC:  2    Str: 11    XL:     1   Next: 50%
Magic:  1/1        EV: 13    Int: 11    God:
Gold:   9          SH:  0    Dex: 15    Spells: 0/0 levels left

rFire   . . .      SeeInvis .     - Unarmed
rCold   . . .      Faith    .   (no shield)
rNeg    . . .      Spirit   .   a - +0 robe
rPois   .          Reflect  .   (no helmet)
rElec   .          Harm     .   (no cloak)
rCorr   .          Rampage  .   (no gloves)
Will    .....                   (no boots)
Stlth   ++........              (no amulet)
HPRegen 0.06/turn               (no ring)
MPRegen 0.07/turn               (no ring)

@: no status effects
A: no striking features
a: no special abilities


You were on level 1 of the Dungeon.
You visited 1 branch of the dungeon, and saw 1 of its levels.

You collected 9 gold pieces.

Inventory:

Armour
 a - a +0 robe (worn)
Potions
 b - a potion of ambrosia


   Skills:
 + Level 3.0 Fighting
 + Level 2.7 Dodging
 + Level 1.9 Stealth
 + Level 2.7 Unarmed Combat


You couldn't memorise any spells.
You didn't know any spells.
Your spell library was empty.

Dungeon Overview and Level Annotations

Branches:
Dungeon (1/15)

Altars:


Message History

You barely miss the jackal.
The jackal is almost dead.
The jackal bites you. The rat bites you. The jackal bites you.
* * * LOW HITPOINT WARNING * * *
There are monsters nearby!
There are monsters nearby!
You are too injured to fight recklessly!
There are monsters nearby!
You are too injured to fight recklessly!
There are monsters nearby!
You are too injured to fight recklessly!
You miss the jackal.
The jackal is almost dead.
The jackal misses you. The rat barely misses you.
You hit the jackal.
You kill the jackal!
You barely miss the rat. The rat bites you.
* * * LOW HITPOINT WARNING * * *
You barely miss the rat. The rat barely misses you.
You closely miss the rat. The rat closely misses you.
You closely miss the rat. The rat completely misses you.
You hit the rat.
You kill the rat! 2 jackals come into view.
The jackal barks! x2
There are monsters nearby!
You are too injured to fight recklessly!
The jackal barely misses you.
You barely miss the jackal. Your punch misses the jackal. The jackal bites you.
* * * LOW HITPOINT WARNING * * *
You miss the jackal.
The jackal bites you but does no damage.
A jackal comes into view.
The jackal closely misses you. The jackal barely misses you.
You closely miss the jackal.
The jackal barks!
You punch the jackal.
The jackal is heavily wounded.
The jackal bites you.
You die...

.#### #.#.. #.#.#
#.###.#.#
#.#......
#.#.#.#.# .
####.#?#.#h###....
#P.#.....#@h.h>...
####......####....
# ###...##.# .
#.##.###.##.#
#........##.#
####..#####.#
#........#
##.####### #.#.##


You could see 3 jackals.

Vanquished Creatures
  A jackal (D:1)
  A quokka (D:1)
  A kobold (D:1)
  A rat (D:1)
4 creatures vanquished.

Notes
Turn   | Place    | Note
-------+----------+-------------------------------------------
     0 | D:1      | BritishOli the Demonspawn Monk began the quest for the Orb.
     0 | D:1      | Reached XP level 1. HP: 18/18 MP: 1/1
   177 | D:1      | Slain by a jackal

Illustrated notes

Levels and vault maps discovered:
D:1:      giann_wishing_wells, layout_loops_corners, serial_aquarium,
          aquarium_bridge_square [aquarium_subvault_bridge,
          aquarium_subvault_window, aquarium_subvault_wall,
          aquarium_subvault_bridge], aquarium_bridge_long_joined
          [aquarium_subvault_window, aquarium_subvault_wall,
          aquarium_subvault_wall, aquarium_subvault_window,
          aquarium_subvault_balcony, aquarium_subvault_bridge],
          aquarium_window_fake, aquarium_window_fake, aquarium_window_corner,
          aquarium_view_2b

Action                   || total
-------------------------++-------
Melee: Unarmed           ||    26
       Punch             ||     1
Armor: Robe              ||     3
Dodge: Dodged            ||    20

Table legend: (Time is in decaauts)
 A = Elapsed time spent in this place.
 B = Non-inter-level travel time spent in this place.
 C = Inter-level travel time spent in this place.
 D = Time resting spent in this place.
 E = Time spent auto-exploring this place.
 F = Levels seen in this place.
 G = Mean time per level.
                   A        B        C        D        E       F      G
               +--------+--------+--------+--------+--------+-----+--------+
         Total |    175 |    175 |      0 |      0 |    143 |   1 |  175.0 |
       Dungeon |    175 |    175 |      0 |      0 |    143 |   1 |  175.0 |
               +--------+--------+--------+--------+--------+-----+--------+

Top non-repeatable levels by time:
     D:1: 175 daAuts
